 Dungeon Crawl Stone Soup version 0.31-a0-1321-g5021b54cb2 (webtiles) character file.

Game seed: 8984470037775972736

5518 BlackBloode the Destroyer (level 10, 0/50 HPs)
             Began as a Deep Elf Air Elementalist on Dec 20, 2023.
             Was a Priest of Vehumet.
             Killed from afar by an acid dragon (15 damage)
             ... with a splash of acid
             ... on level 10 of the Dungeon on Dec 21, 2023.
             The game lasted 00:25:52 (11978 turns).

BlackBloode the Destroyer (DEAE)                   Turns: 11978, Time: 00:25:53

Health: 0/50       AC:  9    Str:  5    XL:     10   Next: 43%
Magic:  19/24      EV: 16    Int: 25    God:    Vehumet [***...]
Gold:   540        SH:  0    Dex: 15    Spells: 16/26 levels left

rFire   + . .        f - +1 mace (drain)
rCold   . . .        (no shield)
rNeg    . . .        C - +0 steam dragon scales
rPois   +            c - +2 hat
rElec   .            (no cloak)
rCorr   .            v - +0 pair of gloves
SInv    +            h - +0 pair of boots
Will    .....        m - amulet of faith
Stlth   ++           i - ring of see invisible
HPRegen 0.28/turn    u - ring of poison resistance
MPRegen 0.19/turn

%: faith
@: weak-willed, studying Earth Magic
A: fire resistance 1, sense surroundings 1, evolution 1
a: Renounce Religion


You were on level 10 of the Dungeon.
You worshipped Vehumet.
Vehumet was most pleased with you.
You visited 2 branches of the dungeon, and saw 11 of its levels.
You also visited: Ossuary.

You collected 540 gold pieces.

Inventory:

Hand Weapons
 f - a +1 mace of draining (weapon)
Missiles
 n - 4 curare-tipped darts
 x - 2 throwing nets
Armour
 a - a +0 robe
 c - a +2 hat (worn)
 e - a +2 robe of positive energy
 h - a +0 pair of boots (worn)
 v - a +0 pair of gloves (worn)
 C - +0 steam dragon scales (worn)
Jewellery
 i - a ring of see invisible (left hand)
 m - an amulet of faith (around neck)
 u - a ring of poison resistance (right hand)
 B - a ring of ice
 D - an amulet of magic regeneration
 J - a ring of fire
Wands
 s - a wand of light (6)
 t - a wand of charming (9)
 y - a wand of polymorph (8)
 A - a wand of roots (8)
Scrolls
 g - 4 scrolls of noise
 j - 3 scrolls of immolation
 k - a scroll of butterflies
 l - 3 scrolls of poison
 p - 2 scrolls of teleportation
 z - a scroll of enchant armour
 H - a scroll of amnesia {unknown}
 I - a scroll of identify
Potions
 b - a potion of magic
 d - 2 potions of attraction
 o - a potion of mutation
 q - 2 potions of lignification
 w - a potion of brilliance
 G - a potion of haste {unknown}


   Skills:
 + Level 7.8 Dodging
 - Level 2.4 Stealth
 + Level 8.7 Spellcasting
 * Level 10.0 Conjurations
 * Level 9.7 Air Magic


You had 16 spell levels left.
You knew the following spells:

 Your Spells              Type           Power      Damage    Failure   Level
a - Shock                 Conj/Air       100%       1d9       1%          1
b - Static Discharge      Conj/Air       100%       3-8/arc   1%          2
c - Swiftness             Air            56%        N/A       1%          3
d - Airstrike             Air            28%        2d(4-20)  1%          4

Your spell library contained the following spells:

 Spells                   Type           Power      Damage    Failure   Level
 Fulminant Prism          Conj/Alch      18%        3d11      1%          4
 Kiss of Death            Conj/Necr      100%       2d13      1%          1
 Lesser Beckoning         Tloc           20%        N/A       9%          2
 Gell's Gravitas          Tloc           10%        N/A       17%         3
 Teleport Other           Tloc           10%        N/A       17%         3
 Tukima's Dance           Hex            10%        N/A       17%         3
 Yara's Violent Unravell  Hex/Alch       5%         3d4       36%         5
 Passage of Golubria      Tloc           10%        N/A       50%         4


Dungeon Overview and Level Annotations

Branches:
Dungeon (10/15)            Temple (1/1) D:4             Orc (0/2) D:9
Ossuary (visited)
   Lair: D:8-11

Altars:
Ashenzari
Cheibriados
Dithmenos
Elyvilon
Fedhas
Gozag
Kikubaaqudgha
Makhleb
Nemelex Xobeh
Okawaru
Qazlal
Ru
Sif Muna
Trog
Uskayaw
Vehumet
Wu Jian
Xom
Yredelemnul
Zin
The Shining One

Shops:
D:3 (   D:7 *   D:10 *


Innate Abilities, Weirdness & Mutations

Your flesh is heat resistant. (rF+)
You passively map a small area around you.
You have hidden genetic potential.


Message History

The yak is struck by an arc of lightning.
The yak is lightly wounded.
The lightning grounds out.
The yak gores you. The yak gores you. The yak attacks as it pursues you!
The yak gores you!
* * * LOW HITPOINT WARNING * * *
You open the door. The yak gores you.
* * * LOW HITPOINT WARNING * * *
A shadow comes into view.
Okay, then.
Okay, then.
The yak barely misses you.
There is an open door here.
Okay, then.
You feel better. The yak completely misses you.
The shadow slips into darkness.
The shadow flickers and vanishes for a moment.
As you read the scroll of teleportation, it crumbles to dust.
You feel strangely unstable. The yak barely misses you. The shadow misses you.
The shadow attacks as it pursues you! The shadow hits you!
* * * LOW HITPOINT WARNING * * *
The shadow attacks as it pursues you! The shadow closely misses you.
You feel better.
Your surroundings suddenly seem different.
An acid dragon and 5 yaks come into view.
The yak bellows! x5
The yak gores you but does no damage.
The acid dragon roars!
You hear a shout!
As you read the scroll labelled PIOBUO SALEASK, it crumbles to dust.
Magic quickly surges around you.
It was a scroll of vulnerability.
You hear an angry hiss.
You hear a howl!
You hear a shout!
A centaur warrior zombie comes into view.
The yak misses you. The yak barely misses you.
As you read the scroll labelled ZIAMYOFIO, it crumbles to dust.
You assume a fearsome visage.
The centaur warrior zombie is unaffected.
The yak looks frightened! x5; It was a scroll of fear.
You feel better. The acid dragon spits acid at you.
The splash of acid hits you!
You die...

# * * , ### ,
.##. ..+ * , ,
.... ..#. , ,
..... ...# ,....
... ,, ...# * ,
#########...###
.....Y..ZY.....
...
,.......@..YYY..
,, ...
......###.##.##
#.#, ...D# # ,
..# *,... , ,
##. . , ,* , ,
.., , ~* ,,, ~
.., , ,* ,, , ,
>


You could see 5 yaks, an acid dragon (catching breath, weak-willed) and a
centaur warrior zombie.

Vanquished Creatures
  Maurice (D:7)
  A merfolk (D:9)
  A hornet (D:8)
  Sigmund (D:5)
  A wraith (D:9)
  A wyvern (D:9)
  3 steam dragons
  Duvessa (D:5)
  An orc warrior (D:9)
  2 ice beasts
  An ogre (D:5)
  8 centaurs
  2 phantoms
  A kobold brigand (D:8)
  A bullfrog (D:7)
  2 gnoll sergeants
  A scorpion (D:7)
  9 wights
  2 water moccasin zombies (Ossuary)
  Dowan (D:5)
  10 killer bees
  2 jellies
  A bullfrog zombie (Ossuary)
  2 centaur zombies (Ossuary)
  4 hounds
  2 gnoll boudas (D:8)
  5 orc priests
  A sleepcap (D:8)
  Terence (D:3)
  3 iguanas
  An orc wizard (D:7)
  A scorpion zombie (Ossuary)
  An ogre zombie (Ossuary)
  33 gnolls
  6 adders
  A shadow imp (D:5)
  3 white imps
  4 ufetubi (D:6)
  4 adder zombies (Ossuary)
  3 dart slugs
  27 orcs
  5 bats
  5 endoplasms
  2 giant cockroaches
  5 hobgoblins
  A jackal (D:4)
  16 kobolds
  2 ball pythons
  A frilled lizard (D:3)
  3 gnoll zombies (Ossuary)
  5 goblins
  4 goblin zombies (Ossuary)
  4 hobgoblin zombies (Ossuary)
  2 orc zombies (Ossuary)
  3 rats
214 creatures vanquished.

Notes
Turn   | Place    | Note
-------+----------+-------------------------------------------
     0 | D:1      | BlackBloode the Deep Elf Air Elementalist began the quest
                  | for the Orb.
     0 | D:1      | Reached XP level 1. HP: 10/10 MP: 6/6
   408 | D:1      | Reached XP level 2. HP: 15/15 MP: 4/8
   885 | D:1      | Learned a level 2 spell: Static Discharge
  1895 | D:2      | Reached skill level 2 in Conjurations
  1944 | D:3      | Reached XP level 3. HP: 19/19 MP: 7/9
  1948 | D:3      | Learned a level 3 spell: Swiftness
  2113 | D:3      | Found Xisiagak's Weapon Shop.
  2294 | D:3      | Noticed Terence
  2307 | D:3      | Killed Terence
  2308 | D:3      | Reached XP level 4. HP: 16/24 MP: 3/11
  2642 | D:3      | Reached skill level 3 in Conjurations
  2797 | D:3      | Found a faded altar of an unknown god.
  2801 | D:3      | Got Plato's Elucidation of the Charnel House
  3200 | D:4      | Found a glowing golden altar of the Shining One.
  3250 | D:4      | Reached XP level 5. HP: 28/28 MP: 8/12
  3473 | D:4      | Noticed a centaur
  3484 | D:4      | Killed a centaur
  3707 | D:4      | Reached XP level 6. HP: 22/32 MP: 7/14
  3711 | D:4      | Reached skill level 4 in Conjurations
  3970 | D:4      | Found a staircase to the Ecumenical Temple.
  4101 | D:5      | Entered Level 5 of the Dungeon
  4419 | D:5      | Reached skill level 5 in Air Magic
  4529 | Temple   | Entered the Ecumenical Temple
  4544 | Temple   | Became a worshipper of Vehumet
  4602 | D:5      | Found an opulent altar of Gozag.
  4820 | D:5      | Reached XP level 7. HP: 26/36 MP: 9/16
  5002 | D:5      | Noticed Sigmund
  5009 | D:5      | Killed Sigmund
  5010 | D:5      | Reached skill level 5 in Spellcasting
  5010 | D:5      | Reached skill level 5 in Conjurations
  5637 | D:5      | Reached skill level 5 in Dodging
  5637 | D:5      | Reached skill level 6 in Conjurations
  5637 | D:5      | Reached XP level 8. HP: 26/41 MP: 11/18
  5763 | D:5      | Noticed Dowan
  5779 | D:5      | Noticed Duvessa
  5801 | D:5      | Killed Duvessa
  5967 | D:5      | Killed Dowan
  6207 | D:6      | Found a blossoming altar of Fedhas.
  6252 | D:5      | Learned a level 4 spell: Airstrike
  6489 | D:6      | Found a sacrificial altar of Ru.
  6491 | D:6      | Reached * piety under Vehumet
  6491 | D:6      | Offered knowledge of Freeze by Vehumet.
  6729 | D:6      | Reached skill level 7 in Conjurations
  7002 | D:7      | Found a white marble altar of Elyvilon.
  7008 | D:7      | Noticed Maurice
  7013 | D:7      | Killed Maurice
  7014 | D:7      | Reached XP level 9. HP: 45/45 MP: 5/21
  7112 | D:7      | Found a sand-covered staircase.
  7203 | Ossuary  | Entered an ossuary
  7823 | Ossuary  | Noticed a silent spectre
  7908 | D:7      | Gained mutation: You have hidden genetic potential. [potion
                  | of mutation]
  7908 | D:7      | Gained mutation: Your flesh is heat resistant. (rF+)
                  | [potion of mutation]
  7923 | D:7      | Reached ** piety under Vehumet
  7923 | D:7      | Offered knowledge of Sting by Vehumet.
  7924 | D:7      | Reached skill level 8 in Conjurations
  8001 | D:7      | Found Honio's General Store.
  8550 | D:7      | Found a shimmering blue altar of Sif Muna.
 10010 | D:8      | Reached skill level 9 in Conjurations
 10180 | D:8      | Found a burning altar of Makhleb.
 10373 | D:9      | Offered knowledge of Inner Flame by Vehumet.
 10494 | D:9      | Reached XP level 10. HP: 40/50 MP: 19/24
 10548 | D:9      | Found an ancient bone altar of Kikubaaqudgha.
 10548 | D:9      | Found a shadowy altar of Dithmenos.
 11001 | D:9      | Reached *** piety under Vehumet
 11013 | D:9      | Gained mutation: You passively map a small area around you.
                  | [hidden potential]
 11306 | D:9      | Offered knowledge of Fulminant Prism by Vehumet.
 11514 | D:9      | Found a staircase to the Orcish Mines.
 11609 | D:9      | Reached skill level 10 in Conjurations
 11721 | D:9      | Found a shimmering blue altar of Sif Muna.
 11935 | D:10     | Entered Level 10 of the Dungeon
 11960 | D:10     | Found Ysumaoly's Assorted Antiques.
 11978 | D:10     | Killed from afar by an acid dragon

Illustrated notes

Levels and vault maps discovered:
D:1:      saegor_arrival_simple_e, layout_basic
D:2:      layout_basic
D:3:      layout_loops_cross, serial_shops, nicolae_shop_bloodbath_and_beyond,
          shapermc_ecumenical_altar_rom_forum, uniq_terence
D:4:      layout_gridville, tso_altar, minmay_temple_entry_from_below_b
D:5:      layout_gridville, nicolae_gozag_cash_rules_everything_around_me,
          serial_co_window_serial, co_window_corner_a, co_window_paths_b,
          co_window_paths_b, co_window_paths_a, co_window_of_opportunity_a,
          co_window_of_opportunity_a, co_window_corner_a, co_window_paths_b,
          co_window_of_opportunity_a, co_window_unsneaky_path_d,
          co_window_corner_cb, co_window_cross_2, co_window_2corner,
          co_window_cross_2, co_window_broadway_b, co_window_corner_cb,
          glass_columns_c, glass_columns_b, minmay_manual_mess, uniq_duvessa,
          uniq_sigmund
D:6:      layout_rooms, mainiacjoe_overflow_cross_hatched, fedhas_ov_isle_minmay
D:7:      layout_basic, elyvilon_altar_4, nicolae_sif_muna_little_library,
          serial_shops, shop, chequers_ossuary_entry_cave,
          grunt_decor_arrowhead, grunt_ministairs_13, uniq_maurice
D:8:      layout_loops_ring, lemuel_crystal_altar
D:9:      layout_roguey, mainiacjoe_overflow_catwalk_spiral, orc_0_dummy,
          roadster_trireme
D:10:     layout_gridville, mainiacjoe_overflow_chevrons,
          hellmonk_lair_entry_icy, serial_undead, serial_undead_f,
          serial_undead_f, serial_undead_f, serial_undead_a, serial_undead_a,
          serial_undead_f, serial_shops, nicolae_shop_scrapyard,
          nicolae_shop_statue_plus, nicolae_shop_hallway_plus
Temple:   chequers_temple_sunken

Skill      XL: |  1  2  3  4  5  6  7  8  9 10 |
---------------+-------------------------------+-----
Conjurations   | 2 3 4 6 7 9 10 | 10.0
Dodging        | 3 4 5 6 7 |  7.8
Air Magic      | 4 5 6 7 9 |  9.7
Spellcasting   | 4 5 6 8 |  8.7
Stealth        | |  2.4

Action                     |  1- 3 |  4- 6 |  7- 9 | 10-12 || total
---------------------------+-------+-------+-------+-------++-------
  Melee: Mace              |    26 |    20 |     9 |     5 ||    60
  Throw: Dart              |       |     4 |       |       ||     4
   Cast: Shock             |    28 |    51 |    37 |     1 ||   117
         Static Discharge  |    13 |    39 |    93 |    22 ||   167
         Airstrike         |       |       |    77 |    35 ||   112
         Swiftness         |       |       |     1 |       ||     1
    Use: Scroll            |       |       |    12 |     3 ||    15
         Potion            |       |       |     7 |     4 ||    11
   Stab: Sleeping          |     1 |     1 |       |       ||     2
 Armour: Robe              |    39 |    75 |   175 |       ||   289
         Steam dragon scal |       |       |    28 |    53 ||    81
  Dodge: Dodged            |    41 |    42 |    86 |    27 ||   196

Table legend: (Time is in decaauts)
 A = Elapsed time spent in this place.
 B = Non-inter-level travel time spent in this place.
 C = Inter-level travel time spent in this place.
 D = Time resting spent in this place.
 E = Time spent auto-exploring this place.
 F = Levels seen in this place.
 G = Mean time per level.
                   A        B        C        D        E       F      G
               +--------+--------+--------+--------+--------+-----+--------+
         Total |  12015 |  11624 |    391 |   3244 |   6414 |  12 | 1001.2 |
       Dungeon |  11279 |  10888 |    391 |   2890 |   6332 |  10 | 1127.9 |
        Temple |     34 |     34 |      0 |      0 |      0 |   1 |   34.0 |
       Ossuary |    701 |    701 |      0 |    354 |     82 |   1 |  701.0 |
               +--------+--------+--------+--------+--------+-----+--------+

Top non-repeatable levels by time:
     D:5: 1969 daAuts
     D:8: 1548 daAuts
     D:9: 1425 daAuts
     D:7: 1271 daAuts
     D:4: 1150 daAuts
     D:3: 1132 daAuts
     D:2: 1064 daAuts
     D:1: 902 daAuts
     D:6: 772 daAuts
 Ossuary: 701 daAuts
    D:10: 42 daAuts
  Temple: 34 daAuts
